 Dungeon Crawl Stone Soup version 0.28.0-53-g5a82cb258f (webtiles) character file.

Game seed: 12746936581602958806

1461 enile the Fighter (level 9, -8/121 HPs)
             Began as a Formicid Wanderer on May 28, 2022.
             Was a Priest of Trog.
             Mangled by an orc warrior
             ... wielding a +0 spear
              (9 damage)
             ... in a bailey.
             The game lasted 00:09:46 (6095 turns).

enile the Fighter (Formicid Wanderer)               Turns: 6095, Time: 00:09:46

Health: -8/121     AC: 24    Str: 22    XL:     9   Next: 5%
Magic:  10/10      EV:  2    Int: 13    God:    Trog [***...]
Gold:   103        SH:  0    Dex: 10    Spells: 7/10 levels left

rFire   + . .      SeeInvis .   f - +2 demon trident (venom)
rCold   + + .      Faith    .   (no shield)
rNeg    . . .      Spirit   .   (armour currently unavailable)
rPois   +          Reflect  .   (helmet unavailable)
rElec   +          Harm     .   (cloak currently unavailable)
rCorr   +          Rampage  .   (gloves currently unavailable)
Will    ++...                   (boots currently unavailable)
Stlth   +.........              (no amulet)
HPRegen 1.30/turn               x - ring of protection from cold
MPRegen 0.12/turn               (no ring)

@: mighty, brilliant, tree-form, resistant, strong-willed, regenerating,
studying 2 skills
A: stationary, stasis, torment immunity, boosted hp, permanent stasis, dig
shafts and tunnels, (antennae 3), four strong arms, (talons 1), agile 1
a: Renounce Religion, Trog's Hand


You were in a bailey.
You worshipped Trog.
Trog was most pleased with you.
You were a tree.
You visited 1 branch of the dungeon, and saw 7 of its levels.
You also visited: Bailey.

You collected 343 gold pieces.
You spent 240 gold pieces at shops.

Inventory:

Hand Weapons
 a - a +0 club
 d - a +0 short sword
 f - a +2 demon trident of venom (weapon)
 g - a +1 halberd of protection
 p - a +0 morningstar
Missiles
 e - 114 stones
Armour
 b - a +0 leather armour
 l - a +0 plate armour
 n - a +0 plate armour of willpower
 z - a +2 chain mail of fire resistance (melded)
Jewellery
 x - a ring of protection from cold (left branch)
Scrolls
 o - 2 scrolls of vulnerability
 s - a scroll of silence
 t - a scroll of fog
 y - 6 scrolls of enchant weapon
Potions
 q - 5 potions of mutation
Miscellaneous
 c - a piece from Xom's chessboard (14/15)


   Skills:
 + Level 11.3 Fighting
 - Level 5.0 Polearms
 - Level 4.0 Armour
 - Level 1.2 Stealth
 - Level 1.1 Spellcasting
 - Level 3.2 Transmutations
 - Level 4.0 Fire Magic
 - Level 3.0 Evocations


You had 7 spell levels left.
You knew the following spells:

 Your Spells              Type           Power      Damage    Failure   Level
a - Foxfire               Conj/Fire      32%        2x1d5     12%         1
b - Passwall              Tmut/Erth      5%         N/A       22%         2

Your spell library contained the following spells:

 Spells                   Type           Power      Damage    Failure   Level
 Wereblood                Tmut           13%        N/A       11%         2
 Summon Small Mammal      Summ           4%         N/A       28%         1
 Ignite Poison            Fire/Tmut/Pois 10%        N/A       30%         3
 Conjure Flame            Conj/Fire      8%         6-21      36%         3
 Call Canine Familiar     Summ           1%         N/A       63%         3
 Gell's Gravitas          Tloc           1%         N/A       63%         3
 Lesser Beckoning         Tloc           1%         N/A       63%         3
 Ozocubu's Armour         Ice            1%         N/A       63%         3
 Summon Guardian Golem    Hex/Summ       1%         N/A       63%         3
 Teleport Other           Tloc           1%         N/A       63%         3
 Metabolic Englaciation   Hex/Ice        0%         N/A       100%        5
 Simulacrum               Ice/Necr       0%         N/A       100%        6


Dungeon Overview and Level Annotations

Branches:
Dungeon (6/15)             Bailey (1/1)
 Temple: D:4-7

Altars:
Nemelex Xobeh
Trog
Vehumet

Shops:
D:5 *

Annotations:
D:6 Duvessa


Innate Abilities, Weirdness & Mutations

You are a tree.
Your roots penetrate the ground, keeping you stationary.
You cannot be teleported.
You are immune to unholy pain and torment.
Your maximum health is greatly increased.
Your equipment is partially melded.
You cannot be hasted, slowed, berserked, paralysed or teleported.
You can dig through walls and to a lower floor.
((You have a pair of large antennae on your head. (SInv)))
Your four strong arms can wield two-handed weapons with a shield.
((You have sharp toenails.))
You are agile. (Dex +2)


Message History

It was a potion of lignification.
You turn into a tree.
Your +2 chain mail of fire resistance melds into your body.
You feel less resistant to fire.
Your roots penetrate the ground.
The orc warrior no longer looks unusually strong.
The orc warrior hits you from afar with a +0 glaive.
The orc knight hits you but does no damage.
Reach: f) +2 demon trident (venom)
Press: ? - help, Dir - move target, f/p - orc knight
Aim: an orc knight, wielding a +0 halberd and wearing a +0 chain mail (moderately wounded, covered in acid, about 38% to evade your +2 demon trident of venom)
Okay, then.
Okay, then.
It was a potion of flight.
Your roots keep you in place.
The orc warrior hits you from afar with a +0 glaive!
The orc knight hits you but does no damage.
The orc warrior hits you but does no damage.
It was a potion of brilliance.
You feel clever all of a sudden.
The orc warrior hits you but does no damage.
The orc knight roars a battlecry!
The orc warrior goes into a battle-frenzy!
The orc warrior hits you from afar with a +0 spear!
You make a move on Xom's chessboard...
The orc knight resists with some effort.
The orc warrior hits you from afar with a +0 glaive!
The orc knight hits you from afar with a +0 halberd!
The orc warrior hits you from afar with a +0 spear!
* * * LOW HITPOINT WARNING * * *
Your skin crawls.
You feel strong-willed.
The orc warrior hits you but does no damage.
The orc knight completely misses you.
The orc warrior hits you from afar with a +0 spear!
* * * LOW HITPOINT WARNING * * *
You feel very mighty all of a sudden.
The orc warrior hits you from afar with a +0 glaive.
* * * LOW HITPOINT WARNING * * *
The orc knight hits you from afar with a +0 halberd!
* * * LOW HITPOINT WARNING * * *
The orc warrior hits you from afar with a +0 spear!
You die...

#.......#
#.)#8#..#
#..#.#..#
#..)....#
#.......#
##))...##
##'''##
#.....#
#..♣..#
#.....#
#.ooo.#
#..)..#
##'''##
##.....##
#....)..#
#..#.#..#
#.......#


You could see an orc knight (corroded) and 2 orc warriors.

Vanquished Creatures
  Menkaure (D:4)
  An ice beast (D:5)
  3 orc warriors (Bailey)
  A centaur (D:4)
  2 necrophages (D:5)
  An ogre (D:4)
  A scorpion (D:5)
  Dowan (D:6)
  A centaur zombie (D:9)
  2 hounds
  2 orc priests
  A centaur skeleton (D:4)
  2 orc wizards
  2 iguanas (D:5)
  2 hound skeletons
  4 gnolls (D:4)
  5 adders
  2 worms
  A dart slug (D:4)
  24 orcs
  8 endoplasms
  2 giant cockroaches (D:1)
  10 goblins
  10 hobgoblins
  3 jackals (D:1)
  8 kobolds
  6 quokkas
  5 ball pythons
  2 bats (D:3)
  A frilled lizard (D:1)
  3 rats
117 creatures vanquished.

Vanquished Creatures (others)
  13 foxfires
13 creatures vanquished.

Grand Total: 130 creatures vanquished

Notes
Turn   | Place    | Note
-------+----------+-------------------------------------------
     0 | D:1      | enile the Formicid Wanderer began the quest for the Orb.
     0 | D:1      | enile set off with the following items: a +0 club, a +0
                  | leather armour, a piece from Xom's chessboard (15/15); and
                  | the following spell memorised: Foxfire; and the following
                  | spells available to memorise: Wereblood, Passwall, Ignite
                  | Poison, Conjure Flame
     0 | D:1      | Reached XP level 1. HP: 13/13 MP: 2/2
    94 | D:1      | Reached skill level 1 in Fighting
   142 | D:1      | Reached XP level 2. HP: 21/21 MP: 0/3
   261 | D:1      | Reached skill level 2 in Fighting
   447 | D:1      | Reached skill level 1 in Polearms
   615 | D:1      | Reached XP level 3. HP: 27/27 MP: 4/4
  1093 | D:1      | Learned a level 2 spell: Passwall
  1148 | D:2      | Reached XP level 4. HP: 5/34 MP: 5/5
  1152 | D:2      | Reached skill level 3 in Fighting
  1759 | D:2      | Found a sparkling altar of Nemelex Xobeh.
  1960 | D:2      | Reached XP level 5. HP: 40/42 MP: 6/6
  2048 | D:2      | Found a faded altar of an unknown god.
  2160 | D:2      | Prayed at the altar of an unknown god.
  2160 | D:2      | Became a worshipper of Trog the Wrathful
  2160 | D:2      | Reached * piety under Trog
  2317 | D:3      | Reached skill level 4 in Fighting
  2674 | D:4      | Noticed Menkaure
  2942 | D:4      | Killed Menkaure
  2943 | D:4      | Reached XP level 6. HP: 14/48 MP: 7/7
  3242 | D:4      | Reached ** piety under Trog
  3459 | D:4      | Found a radiant altar of Vehumet.
  3500 | D:4      | Reached skill level 5 in Polearms
  3500 | D:4      | Reached XP level 7. HP: 53/54 MP: 8/8
  3675 | D:4      | Reached skill level 1 in Armour
  4052 | D:5      | Entered Level 5 of the Dungeon
  4178 | D:5      | Reached XP level 8. HP: 61/61 MP: 9/9
  4232 | D:5      | Reached skill level 5 in Fighting
  4314 | D:5      | Found Pohevvet's Assorted Antiques.
  4492 | D:5      | Reached skill level 7 in Fighting
  4599 | D:5      | Reached skill level 8 in Fighting
  4738 | D:5      | Noticed a yak
  4979 | D:5      | Bought a glowing chain mail for 240 gold pieces
  5098 | D:6      | Noticed Duvessa
  5098 | D:6      | Noticed Dowan
  5100 | D:6      | Killed Dowan
  5106 | D:6      | You fall into a shaft and drop 3 floors!
  5106 | D:9      | Found a flagged portal.
  5112 | D:9      | Identified a scroll of acquirement
  5113 | D:9      | Acquired a manual of Staves
  5119 | D:9      | Reached skill level 9 in Fighting
  5129 | Bailey   | Entered a bailey
  5340 | Bailey   | Reached *** piety under Trog
  5344 | Bailey   | Reached skill level 10 in Fighting
  5906 | Bailey   | Gained mutation: You are agile. (Dex +2) [potion of
                  | mutation]
  5906 | Bailey   | Gained mutation: You have sharp toenails. [potion of
                  | mutation]
  5918 | Bailey   | Reached skill level 11 in Fighting
  5918 | Bailey   | Reached XP level 9. HP: 52/81 MP: 10/10
  6074 | Bailey   | Noticed an orc knight
  6095 | Bailey   | HP: 1/121 [orc knight/+0 halberd (14)]
  6095 | Bailey   | Mangled by an orc warrior

Illustrated notes

Levels and vault maps discovered:
D:1:      beargit_arrival_greenhouse, layout_basic, roderic_lattice_a
D:2:      layout_rooms, basic_altar, ebering_ecumenical_altar_hall,
          chequers_mini_garden, grunt_ministairs_7, minivault_14, minmay_cut_off
D:3:      minmay_skewed_foursquare, layout_rooms
D:4:      minmay_general_purpose_star, layout_loops_ring,
          mainiacjoe_overflow_brackets, minmay_manual_monolith, uniq_menkaure
D:5:      layout_loops_ring, serial_shops, nicolae_shop_waterfront,
          lightli_corner_chamber
D:6:      layout_loops_ring, old_standard_altar, uniq_duvessa
D:9:      layout_loops_ring, mainiacjoe_overflow_24_doors, enter_bailey_2,
          hangedman_decor_riveting, minmay_statues_item,
          minmay_misc_feat_diagonals, chequers_serial_rivers_small_b,
          kennysheep_generic_room_8, uniq_grum
Bailey:   bailey_polearm_5, bailey

Skill      XL: |  1  2  3  4  5  6  7  8 |
---------------+-------------------------+-----
Fighting       | 1 2 3 4 11 | 11.3
Polearms       | 1 2 4 5 |  5.0
Evocations     | 2 3 |  3.0
Armour         | 4 |  4.0
Stealth        | |  1.2
Spellcasting   | |  1.1
Transmutations | |  3.2
Fire Magic     | |  4.0

Action                   |  1- 3 |  4- 6 |  7- 9 || total
-------------------------+-------+-------+-------++-------
Melee: Club              |     7 |       |       ||     7
       Demon trident     |    61 |   103 |   150 ||   314
       Punch             |       |     1 |     3 ||     4
       Kick              |       |       |     1 ||     1
Throw: Stone             |       |       |     5 ||     5
 Cast: Foxfire           |     6 |     3 |       ||     9
Invok: Trog's Hand       |       |       |     2 ||     2
 Abil: Shaft Self        |       |       |     1 ||     1
Evoke: Piece from Xom's  |       |     6 |     1 ||     7
       Wand              |       |       |     6 ||     6
  Use: Potion            |     1 |       |    11 ||    12
       Scroll            |       |     2 |    11 ||    13
 Stab: Sleeping          |     2 |     1 |       ||     3
       Petrified         |       |     1 |       ||     1
Armor: Leather armour    |    13 |     5 |       ||    18
       Plate armour      |       |    41 |    44 ||    85
       Chain mail        |       |       |    25 ||    25
       Skin              |       |       |     5 ||     5
Dodge: Dodged            |    40 |    29 |    34 ||   103
